 Dungeon Crawl Stone Soup version 0.23-b1-13-gf37ab262a9 (webtiles) character file.

Game seed: 14725767497091544593

388 Leibowitz the Cutter (level 7, 0/41 HPs)
             Began as a Kobold Gladiator on Feb 3, 2019.
             Killed by divine providence
             ... invoked by an orc priest
              (12 damage)
             ... on level 4 of the Dungeon.
             The game lasted 00:06:39 (2655 turns).

Leibowitz the Cutter (Kobold Gladiator)             Turns: 2655, Time: 00:06:40

Health: 0/41       AC:  9    Str: 12    XL:     7   Next: 7%
Magic:  7/7        EV: 17    Int:  9    God:
Gold:   135        SH:  5    Dex: 18    Spells: 6/6 levels left

rFire    . . .     SeeInvis .   a - +4 short sword (speed)
rCold    . . .     Gourm    .   u - +0 buckler
rNeg     . . .     Faith    .   b - +0 leather armour
rPois    .         Spirit   .   c - +0 helmet
rElec    .         Reflect  .   (no cloak)
rCorr    .         Harm     .   r - +0 pair of gloves
MR       .....                  n - +2 pair of boots
Stlth    ++........             (no amulet)
HPRegen  0.13/turn              x - +1 ring of protection
MPRegen  0.10/turn              (no ring)

@: no status effects
A: small, carnivore
a: no special abilities


You were on level 4 of the Dungeon.
You were completely stuffed.

You visited 1 branch of the dungeon, and saw 4 of its levels.

You collected 135 gold pieces.

Inventory:

Hand Weapons
 a - a +4 short sword of speed (weapon)
Missiles
 d - 3 throwing nets (quivered)
 p - 9 needles of confusion
Armour
 b - a +0 leather armour (worn)
 c - a +0 helmet (worn)
 n - a +2 pair of boots (worn)
 r - a +0 pair of gloves (worn)
 u - a +0 buckler (worn)
Jewellery
 x - a +1 ring of protection (left hand)
Scrolls
 e - a scroll of fear {unknown}
 g - a scroll of blinking {unknown}
 h - 4 scrolls of identify {unknown}
 i - a scroll of amnesia {unknown}
 j - a scroll of enchant weapon {unknown}
 m - a scroll of random uselessness {unknown}
 o - 3 scrolls of remove curse {unknown}
 q - 7 scrolls of teleportation {unknown}
 t - a scroll of immolation {unknown}
 y - a scroll of fog {unknown}
Potions
 k - a potion of flight {unknown}
 l - 2 potions of curing {unknown}
 v - a potion of lignification {unknown}
 w - a potion of might {unknown}
 z - a potion of brilliance {unknown}
 A - a potion of magic {unknown}
 B - a potion of degeneration {unknown}
Comestibles
 f - 5 rations


   Skills:
 * Level 3.1 Fighting
 * Level 6.7 Short Blades
 - Level 2.1 Throwing
 * Level 1.8 Armour
 * Level 5.0 Dodging
 * Level 3.2 Stealth
 * Level 1.0 Shields


You had 6 spell levels left.
You didn't know any spells.
Your spell library was empty.

Dungeon Overview and Level Annotations

Branches:
Dungeon (4/15)
 Temple: D:4-7

Altars:
Xom


Innate Abilities, Weirdness & Mutations

You are small and have problems with some larger weapons.
You are carnivorous and can eat meat at any time.


Message History

The orc priest invokes the aid of Beogh against you.
Beogh smites you!
You hit the orc.
You kill the orc!
You see here an orc corpse.
You hit the ogre.
The ogre is lightly wounded.
The ogre hits you with a +0 giant club!!
Ouch! That really hurt!
* * * LOW HITPOINT WARNING * * *
You hit the ogre.
The ogre is moderately wounded.
You hit the ogre.
The ogre is moderately wounded.
The ogre completely misses you.
You hit the ogre.
The ogre is heavily wounded.
The orc priest invokes the aid of Beogh against you.
Beogh smites you!
You die...

#.########## #.#
#...)(..oO.# #.#
.......o.##@# #.#
#.######.##.# #.#
#.##.## #.# #.#...# #.#
#.#.#.# #.#########
#.#...#####...).).)..
####.##......)#########.
............<.# #.
######.#........# #.


You could see an ogre and an orc priest.

Vanquished Creatures
  Menkaure (D:4)
  2 orc wizards (D:4)
  A worker ant (D:4)
  3 gnolls (D:2)
  5 adders
  An ooze (D:3)
  2 worms (D:2)
  5 dart slugs
  A leopard gecko (D:2)
  11 orcs
  A ball python (D:3)
  8 bats
  3 giant cockroaches
  14 goblins
  4 hobgoblins
  5 jackals
  8 kobolds
  2 quokkas (D:3)
  5 frilled lizards
  6 rats
88 creatures vanquished.

Notes
Turn   | Place    | Note
-------+----------+-------------------------------------------
     0 | D:1      | Leibowitz the Kobold Gladiator began the quest for the Orb.
     0 | D:1      | Reached XP level 1. HP: 12/12 MP: 1/1
    97 | D:1      | Reached XP level 2. HP: 16/17 MP: 2/2
   200 | D:1      | Reached skill level 1 in Stealth
   208 | D:1      | Reached XP level 3. HP: 16/22 MP: 3/3
  1186 | D:2      | Reached XP level 4. HP: 26/27 MP: 4/4
  1268 | D:2      | Reached skill level 5 in Short Blades
  1542 | D:2      | Found a shimmering altar of Xom.
  1555 | D:2      | Reached skill level 1 in Armour
  1642 | D:3      | Reached XP level 5. HP: 31/31 MP: 5/5
  2213 | D:4      | Reached XP level 6. HP: 17/36 MP: 6/6
  2286 | D:4      | Reached skill level 6 in Short Blades
  2440 | D:4      | Noticed Menkaure
  2459 | D:4      | Killed Menkaure
  2459 | D:4      | Reached skill level 5 in Dodging
  2459 | D:4      | Reached skill level 1 in Shields
  2459 | D:4      | Reached XP level 7. HP: 20/41 MP: 7/7
  2655 | D:4      | Killed from afar by an orc priest

Skill      XL: |  1  2  3  4  5  6 |
---------------+-------------------+-----
Dodging        | 4 5 |  5.0
Stealth        | 1 2 3 |  3.2
Short Blades   | 5 6 |  6.7
Armour         | 1 |  1.8
Fighting       | 3 |  3.1
Shields        | 1 |  1.0
Throwing       | |  2.1

Action                   |  1- 3 |  4- 6 |  7- 9 || total
-------------------------+-------+-------+-------++-------
Melee: Rapier            |    88 |       |       ||    88
       Short sword       |    26 |   199 |     8 ||   233
 Stab: Sleeping          |       |     7 |       ||     7
       Invisible         |       |     2 |       ||     2
  Eat: Chunk             |     9 |     4 |     1 ||    14
Armor: Leather armour    |    20 |    34 |       ||    54
Dodge: Dodged            |    80 |    92 |     2 ||   174
Block: Buckler           |       |    21 |       ||    21
